 Dungeon Sprint DCSS version 0.30-a0-924-g0ad0bf95bc (webtiles) character file.

Game seed: 8324697378558194392

2223 Pimp the Protected (level 9, -5/90 HPs)
             Began as an Armataur Fighter on Mar 22, 2023.
             Was an Elder of Makhleb.
             Slain by a merfolk
             ... wielding a +2 heavy trident
              (16 damage)
             ... in the Dungeon (Sprint V: "Ziggurat Sprint").
             The game lasted 00:04:03 (237 turns).

Pimp the Protected (Armataur Fighter)                Turns: 237, Time: 00:04:03

Health: -5/90      AC: 21    Str: 24    XL:     9   Next: 13%
Magic:  9/9        EV:  1    Int:  8    God:    Makhleb [****..]
Gold:   0          SH: 19    Dex: 12    Spells: 8/8 levels left

rFire   + . .      SeeInvis +    E - +16 obsidian axe {drain, demonic, Mesm Drain Fly SInv}
rCold   + . .      Faith    .    C - +3 tower shield
rNeg    . . .      Spirit   .    s - +5 gold dragon scales
rPois   +          Reflect  .    (no helmet)
rElec   .          Roll     +    (no cloak)
rCorr   .          NoTele   +    (no gloves)
Will    .....                    (no barding) Stlth
                                 (no amulet)
HPRegen 0.35/turn                (no ring)
MPRegen 0.11/turn                (no ring)

@: flying, mesmerised
A: large, rugged brown scales 3, deformed body, armoured tail, roll, long
tongue, awkward tongue
a: Renounce Religion, Minor Destruction, Lesser Servant of Makhleb, Major
Destruction


You were in the Dungeon.
You worshipped Makhleb.
Makhleb was greatly pleased with you.
You visited 1 branch

Inventory:

Hand Weapons
 a - a +0 war axe
 D - a +5 broad axe
 E - the +16 obsidian axe (weapon) {drain, demonic, Mesm Drain Fly SInv}
   (You found it in the Dungeon)

   Mesm:      Its wielder is mesmerised by any visible foes, and it cannot be
   unequipped while any foes are visible.
   SInv:      It lets you see invisible.
   Fly:       It grants you flight.
   Drain:     It drains your maximum health when unequipped.
Armour
 b - a +0 scale mail
 c - a +0 buckler
 s - +5 gold dragon scales (worn)
 C - a +3 tower shield (worn)
Magical Staves
 n - a staff of conjuration
Jewellery
 v - a ring of flight
 w - a +6 ring of dexterity
 x - a +6 ring of dexterity
 y - a +6 ring of intelligence
 z - a +6 ring of intelligence
 A - a +6 ring of strength
 B - a +6 ring of strength
Wands
 t - a wand of mindburst (7)
 u - a wand of acid (7)
Scrolls
 j - 4 scrolls of blinking
 o - 4 scrolls of amnesia
 p - 7 scrolls of fog
 q - 5 scrolls of identify
 r - 2 scrolls of fear
Potions
 d - 6 potions of might
 e - 10 potions of curing
 f - 6 potions of heal wounds
 g - 6 potions of haste
 h - 7 potions of magic
 i - 3 potions of berserk rage
 k - 2 potions of brilliance
 l - 2 potions of invisibility
 m - 4 potions of resistance
Miscellaneous
 F - a lightning rod (4/4)


   Skills:
 + Level 10.2 Fighting
 + Level 8.9 Axes
 + Level 13.7 Armour
 + Level 11.6 Shields


You had 8 spell levels left.
You didn't know any spells.
Your spell library was empty.

Dungeon Overview and Level Annotations

Branches:
Dungeon (1/1)

Altars:
Ashenzari
Cheibriados
Dithmenos
Elyvilon
Fedhas
Gozag
Hepliaklqana
Kikubaaqudgha
Makhleb
Nemelex Xobeh
Okawaru
Qazlal
Ru
Sif Muna
Trog
Uskayaw
Vehumet
Wu Jian
Xom
Yredelemnul
Zin
The Shining One
Jiyva
Lugonu

Annotations:
D 1 transporter


Innate Abilities, Weirdness & Mutations

You are completely covered in rugged brown scales. (AC +3, +7% HP)
Armour fits poorly on your strangely shaped body.
You have a long armoured tail.
You roll when moving toward enemies. (Rampage)
Your long tongue fully drains potion bottles. (2x potion effects)
Your tongue gives you trouble enunciating. (1.5x scroll delay)


Message History

Your Armour skill increases to level 13!
Your Shields skill increases to level 11!
You slash the merfolk! You tail-slap the merfolk.
The merfolk is almost dead.
You block the merfolk's attack.
Your neqoxec misses the merfolk.
The merfolk hits you from afar with a +0 trident!
Your sun demon hits the merfolk!
The merfolk is engulfed in flames!
The merfolk dies!
Makhleb accepts your kill. You block the merfolk's attack.
Your Fighting skill increases to level 10!
You have reached level 9!
Your experience leads to an increase in your attributes!
Increase (S)trength, (I)ntelligence, or (D)exterity?
You feel stronger. x2
Unknown command.
You roll towards the merfolk!
You closely miss the merfolk.
Your tail-slap misses the merfolk.
You barely miss the merfolk.
Visions of slaying the merfolk flood into your mind.
The merfolk hits you with a +2 heavy trident!!
* * * LOW HITPOINT WARNING * * *
You block the merfolk's attack.
Your sun demon hits the merfolk.
The merfolk is engulfed in flames!
Your neqoxec closely misses the merfolk.
You slice the merfolk!!
The merfolk is almost dead.
You closely miss the merfolk. You block the merfolk's attack. x2
Your neqoxec closely misses the merfolk.
The merfolk hits you with a +0 trident!
* * * LOW HITPOINT WARNING * * *
Your sun demon hits the merfolk!
You are no longer entranced.
The merfolk dies!
Makhleb accepts your kill.
You barely miss the merfolk. You tail-slap the merfolk.
The merfolk is almost dead.
Visions of slaying the merfolk flood into your mind.
Your neqoxec hits the merfolk!
The merfolk hits you with a +2 heavy trident!
You die...

▓.....▓.....▓...).▓
▓.....▓..††.▓.....▓
▓.....▓.....▓..©..▓
▓..©..▓..©..▓▓▓▓▓▓▓
▓▓▓▓▓▓▓▓▓▓▓▓▓▓▓▓▓▓▓
▓..8©8...▓..8©8...▓
▓..)[)...▓..}|:...▓
▓...)....▓..3):...▓
▓..).)...▓.))@m...▓
▓...)....▓..)3....▓
▓........▓.▓....▓.▓
▓...©....▓...©....▓
▓▓▓▓▓▓▓▓▓▓▓▓▓▓▓▓▓▓▓


You could see a merfolk (mesmerising, ally target), a friendly sun demon
(summoned) and a friendly neqoxec (summoned).

Vanquished Creatures
  A deep elf archer (D)
  A deep elf zephyrmancer (D)
  2 merfolk (D)
  A jumping spider (D)
  A jelly (D)
  2 orc priests (D)
  An orc wizard (D)
  An endoplasm (D)
10 creatures vanquished.

Vanquished Creatures (collateral kills)
  2 merfolk (D)
  2 scorpions (D)
  A jelly (D)
  An orc (D)
  An endoplasm (D)
7 creatures vanquished.

Grand Total: 17 creatures vanquished

Notes
Turn   | Place    | Note
-------+----------+-------------------------------------------
     0 | D        | Pimp the Armataur Fighter began the quest for the Orb.
     0 | D        | Reached XP level 1. HP: 19/19 MP: 1/1
     0 | D        | Found a shimmering blue altar of Sif Muna.
     0 | D        | Found a sacrificial altar of Ru.
     0 | D        | Found a bloodstained altar of Trog.
     0 | D        | Found a stormy altar of Qazlal.
     0 | D        | Found an iron altar of Okawaru.
     0 | D        | Found a sparkling altar of Nemelex Xobeh.
     0 | D        | Found a blossoming altar of Fedhas.
     0 | D        | Found the +6 Majin-Bo {spellvamp, MP+6 Int+6}
     0 | D        | Found the +27 heavy crossbow "Sniper" {heavy, Acc+∞ SInv}
     0 | D        | Found the +10 dark maul {heavy}
     0 | D        | Found the +15 Maxwell's patent armour {-Cast -Tele rElec
                  | Will+ rCorr}
     0 | D        | Found the +18 shield of the Gong {Loud rN+ Will+ rCorr
                  | EV-5}
     0 | D        | Found the +16 obsidian axe {drain, demonic, Mesm Drain Fly
                  | SInv}
     0 | D        | Found the +7 great mace "Firestarter" {flame, inner flame,
                  | rFlCloud rF++}
     0 | D        | Found the +6 shillelagh "Devastator" {shatter}
     0 | D        | Found the +11 plutonium sword {Contam Stlth-}
     0 | D        | Found the +8 lance "Wyrmbane" {slay drac, rPois rF+ rC+
                  | AC+3}
     0 | D        | Found the +9 sword of Zonguldrok {reap}
     0 | D        | Found the +13 scythe of Curses {drain, curses, Drain}
     0 | D        | Found the +9 sword of Power {lifebolt}
     0 | D        | Found the +7 mace of Variability {chaos, chain chaos}
     0 | D        | Found the +11 Singing Sword {sonic wave}
     0 | D        | Found the +8 storm bow {elec, penet}
     0 | D        | Banished a spatial maelstrom
     2 | D        | Found a transporter.
     2 | D        | Found an ancient bone altar of Kikubaaqudgha.
     2 | D        | Found a viscous altar of Jiyva.
     2 | D        | Found a corrupted altar of Lugonu.
     2 | D        | Found a hazy altar of Hepliaklqana.
     2 | D        | Found a burning altar of Makhleb.
     2 | D        | Found an opulent altar of Gozag.
    58 | D        | Reached skill level 5 in Fighting
    58 | D        | Reached skill level 6 in Armour
    58 | D        | Reached XP level 2. HP: 31/31 MP: 2/2
    58 | D        | Reached XP level 3. HP: 38/38 MP: 3/3
    72 | D        | Became a worshipper of Makhleb the Destroyer
    79 | D        | Entered arena 2.
    79 | D        | Noticed a deep elf zephyrmancer
    79 | D        | Noticed a deep elf archer
    79 | D        | Found a transporter.
    86 | D        | HP: 1/38 [deep elf zephyrmancer/bolt of lightning (16)]
    87 | D        | Killed a deep elf zephyrmancer
    88 | D        | Reached skill level 5 in Axes
    88 | D        | Reached skill level 10 in Armour
    88 | D        | Reached XP level 4. HP: 2/51 MP: 4/4
    88 | D        | Reached XP level 5. HP: 2/56 MP: 5/5
    88 | D        | Reached XP level 6. HP: 3/65 MP: 6/6
    94 | D        | Killed a deep elf archer
    95 | D        | Reached skill level 12 in Armour
    95 | D        | Reached skill level 10 in Shields
    95 | D        | Reached XP level 7. HP: 42/73 MP: 7/7
   183 | D        | Entered arena 3.
   183 | D        | Noticed a jumping spider
   183 | D        | Found a transporter.
   185 | D        | Killed a jumping spider
   185 | D        | Reached * piety under Makhleb
   186 | D        | Reached XP level 8. HP: 83/83 MP: 8/8
   198 | D        | Entered arena 4.
   198 | D        | Found a transporter.
   200 | D        | Reached ** piety under Makhleb
   211 | D        | Entered arena 5.
   211 | D        | Found a transporter.
   213 | D        | Reached *** piety under Makhleb
   224 | D        | Entered arena 6.
   224 | D        | Noticed a merfolk
   224 | D        | Noticed a merfolk
   224 | D        | Noticed a merfolk
   224 | D        | Noticed a merfolk
   224 | D        | Noticed a merfolk
   224 | D        | Found a transporter.
   233 | D        | Killed a merfolk
   233 | D        | Killed a merfolk
   233 | D        | Reached **** piety under Makhleb
   234 | D        | Reached skill level 13 in Armour
   234 | D        | Killed a merfolk
   235 | D        | Reached skill level 10 in Fighting
   235 | D        | Reached XP level 9. HP: 42/90 MP: 9/9
   236 | D        | Killed a merfolk
   237 | D        | Slain by a merfolk

Illustrated notes

Levels and vault maps discovered:
D:        sprint_v [room_start, room_1, room_2, room_3, room_4, room_5, room_6,
          room_7, room_8, room_9, room_10, room_11, room_12, room_13, room_14,
          room_15, room_16, room_17, room_18, room_19, room_20, room_21,
          room_22, room_23, room_24, room_25, room_26, room_27]

Skill      XL: |  1  2  3  4  5  6  7  8 |
---------------+-------------------------+-----
Fighting       | 5 7 8 9 10 | 10.2
Axes           | 4 5 6 8 |  8.9
Armour         | 6 10 12 13 | 13.7
Shields        | 6 8 10 11 | 11.6

Action                     |  1- 3 |  4- 6 |  7- 9 || total
---------------------------+-------+-------+-------++-------
  Melee: Broad axe         |     6 |     3 |    19 ||    28
         Tailslap          |       |       |     2 ||     2
    Use: Potion            |     2 |     1 |     2 ||     5
 Armour: Gold dragon scale |     2 |     3 |    17 ||    22
  Dodge: Dodged            |       |       |     1 ||     1
  Block: Tower shield      |     5 |     2 |    29 ||    36

Table legend: (Time is in decaauts)
 A = Elapsed time spent in this place.
 B = Non-inter-level travel time spent in this place.
 C = Inter-level travel time spent in this place.
 D = Time resting spent in this place.
 E = Time spent auto-exploring this place.
 F = Levels seen in this place.
 G = Mean time per level.
                   A        B        C        D        E       F      G
               +--------+--------+--------+--------+--------+-----+--------+
         Total |    261 |    255 |      6 |     89 |      0 |   1 |  261.0 |
       Dungeon |    261 |    255 |      6 |     89 |      0 |   1 |  261.0 |
               +--------+--------+--------+--------+--------+-----+--------+

Top non-repeatable levels by time:
       D: 261 daAuts
